 Dungeon Crawl Stone Soup version 0.27.1-3-gb3d3a73c9e (webtiles) character file.

Game seed: 3850190217810392983

22 horus123 the Sneak (level 2, -2/22 HPs)
             Began as a Naga Earth Elementalist on Oct 18, 2021.
             Slain by an adder (3 damage)
             ... on level 2 of the Dungeon.
             The game lasted 00:03:45 (1214 turns).

horus123 the Sneak (Naga Earth Elementalist)        Turns: 1214, Time: 00:03:46

Health: -2/22      AC:  1    Str: 10    XL:     2   Next: 91%
Magic:  2/5        EV: 10    Int: 15    God:
Gold:   78         SH:  0    Dex: 17    Spells: 4/5 levels left

rFire    . . .     SeeInvis +   e - +0 dagger
rCold    . . .     Faith    .   (no shield)
rNeg     . . .     Spirit   .   b - +0 robe
rPois    +         Reflect  .   (no helmet)
rElec    .         Harm     .   (no cloak)
rCorr    .         Rampage  .   (no gloves)
Will     .....                  (no barding)
Stlth    +++.......             (no amulet)
HPRegen  0.07/turn              a - +6 ring of dexterity
MPRegen  0.09/turn              (no ring)

@: very slightly contaminated, very slow
A: AC +0, large, see invisible, deformed body, poison resistance, slowness 2,
spit poison 1, naga tail 1
a: Spit Poison


You were on level 2 of the Dungeon.
You visited 1 branch of the dungeon, and saw 2 of its levels.

You collected 78 gold pieces.

Inventory:

Hand Weapons
 e - a +0 dagger (weapon)
Missiles
 c - 20 stones
Armour
 b - a +0 robe (worn)
Jewellery
 a - a +6 ring of dexterity (left hand)
Scrolls
 d - a scroll of amnesia {unknown}
 f - a scroll of immolation {unknown}


   Skills:
 + Level 0.3 Fighting
 + Level 0.4 Short Blades
 - Level 1.5 Dodging
 + Level 4.9 Stealth
 - Level 2.0 Spellcasting
 - Level 1.0 Transmutations
 - Level 3.0 Earth Magic


You had 4 spell levels left.
You knew the following spells:

 Your Spells              Type           Power      Damage    Failure   Level
a - Sandblast             Erth           20%        2d7       6%          1

Your spell library contained the following spells:

 Spells                   Type           Power      Damage    Failure   Level
 Passwall                 Tmut/Erth      5%         N/A       14%         2
 Stone Arrow              Conj/Erth      12%        3d7       34%         3
 Petrify                  Tmut/Erth      7%         N/A       67%         4
 Leda's Liquefaction      Hex/Erth       3%         N/A       75%         4
 Bolt of Magma            Conj/Fire/Erth 2%         4d4       99%         5
 Statue Form              Tmut/Erth      4%         N/A       100%        6


Dungeon Overview and Level Annotations

Branches:
Dungeon (2/15)

Altars:


Innate Abilities, Weirdness & Mutations

Your serpentine skin is tough. (AC +0)
You have supernaturally acute eyesight. (SInv)
Armour fits poorly on your strangely shaped body.
Your system is resistant to poisons. (rPois)
You cover ground very slowly.
You can spit poison.
You have a snake-like lower body.


Message History

You kill the goblin!
You hit the frilled lizard.
The frilled lizard is heavily wounded.
The frilled lizard bites you.
You hit the frilled lizard.
You kill the frilled lizard!
The adder barely misses you.
The blast of sand misses the adder.
The adder bites you.
You miscast Sandblast.
You are very lightly contaminated with residual magic.
Nothing appears to happen.
The adder bites you.
The blast of sand misses the adder.
The adder bites you.
You are poisoned.
The adder poisons you! The adder bites you.
* * * LOW HITPOINT WARNING * * *
You are too injured to fight recklessly!
You are too injured to fight recklessly!
You are too injured to fight recklessly!
You are too injured to fight recklessly!
You are too injured to fight recklessly!
You are too injured to fight recklessly!
You hit the adder.
The adder is lightly wounded.
You feel sick. The adder bites you.
* * * LOW HITPOINT WARNING * * *
You barely miss the adder.
The adder is lightly wounded.
* * * LOW HITPOINT WARNING * * *
You feel sick. The adder bites you but does no damage.
You hit the adder.
The adder is moderately wounded.
* * * LOW HITPOINT WARNING * * *
You feel sick. The adder closely misses you.
You closely miss the adder.
The adder is moderately wounded.
* * * LOW HITPOINT WARNING * * *
You feel sick.
You are no longer poisoned.
The adder bites you.
You die...

#.# #.# .. . #.# ...
.. #.# ##.## ... #.#
#.#.#. .... #.#
#..###. #..###.#
....P.P
#....#.###########
#...S@.<#.........
.......#....########
.......######......P
####### #..b...
#..PbP ##### ... .#


You could see an adder.

Vanquished Creatures
  2 bats (D:1)
  2 endoplasms (D:1)
  6 goblins
  A hobgoblin (D:1)
  2 quokkas (D:1)
  3 ball pythons (D:1)
  2 frilled lizards
  A kobold (D:1)
  2 rats (D:1)
21 creatures vanquished.

Notes
Turn   | Place    | Note
-------+----------+-------------------------------------------
     0 | D:1      | horus123 the Naga Earth Elementalist began the quest for
                  | the Orb.
     0 | D:1      | Reached XP level 1. HP: 15/15 MP: 3/3
   380 | D:1      | Reached skill level 4 in Stealth
   380 | D:1      | Reached XP level 2. HP: 22/22 MP: 3/5
  1214 | D:2      | HP: 1/22 [poisoned by an adder]
  1214 | D:2      | Slain by an adder

Illustrated notes

Levels and vault maps discovered:
D:1:      beargit_arrival_diablo_church, layout_loops_ring,
          hangedman_abyss_or_decor_stabs, minmay_misc_feat_rows,
          minmay_pentomino_u4
D:2:      layout_basic, ebering_ecumenical_altar_sacrificial, serial_aquarium,
          aquarium_bridge_square [aquarium_subvault_window,
          aquarium_subvault_bridge, aquarium_subvault_balcony,
          aquarium_subvault_wall], aquarium_bridge_straight
          [aquarium_subvault_bridge, aquarium_subvault_balcony,
          aquarium_subvault_bridge, aquarium_subvault_window],
          aquarium_window_1, aquarium_window_corridor_3, aquarium_view_2a,
          aquarium_view_2d, aquarium_pool_2

Skill      XL: |  1 |
---------------+----+-----
Stealth        | 4 |  4.9
Fighting       | |  0.3
Short Blades   | |  0.4
Dodging        | |  1.5
Spellcasting   | |  2.0
Transmutations | |  1.0
Earth Magic    | |  3.0

Action                   || total
-------------------------++-------
Melee: Dagger            ||    44
 Cast: Sandblast         ||    20
  Use: Scroll            ||     1
Armor: Robe              ||    11
Dodge: Dodged            ||    38
